Map: Automaton LE

Players

ShoWTimE - Winner!

  • Race: Protoss Protoss
  • Spawn Location: 9:00

Stephano

  • Race: Zerg Zerg
  • Spawn Location: 3:00

Event: IEM Season 13: Katowice (2019)

VOD

Have the link to the VOD?

Description

Time

  • Played on: Feb. 25, 2019, 11:03 a.m.
  • Length: 11:18

All games in this series

Show
View Real Time Build Order
Export as new Build Order

ShoWTimE Protoss - Winner!

Build Orders: 1 Gate Expand, Archon Immortal, Archon Drop 

Get SALT Encoding   

  12  0:00  Probe  
  13  0:12  Probe  
  14  0:18  Pylon  
  14  0:24  Probe  
  15  0:32  Probe  
  15  0:38  Gateway  
  15  0:40  Probe  
  16  0:47  Assimilator  
  17  0:51  Probe  
  18  1:03  Probe  
  19  1:15  Probe  
  20  1:24  Nexus  
  20  1:34  Cybernetics Core  
  20  1:37  Probe  
  21  1:42  Assimilator  
  21  1:49  Probe  
  21  1:52  Pylon  
  22  2:00  Adept  
  22  2:01  Probe  
  23  2:13  Probe  
  26  2:17  Twilight Council  
  26  2:22  Warp Gate  
  26  2:25  Probe  
  27  2:30  Stalker  
  27  2:32  Probe  
  27  2:33  Probe  
  30  2:40  Probe  
  30  2:41  Probe  
  31  2:50  Probe  
  33  2:53  Charge  
  33  2:55  Probe  
  35  3:02  Probe  
  36  3:07  Probe, Robotics Facility  
  37  3:15  Probe  
  37  3:19  Probe  
  39  3:22  Gateway  
  39  3:27  Gateway  
  39  3:31  Gateway  
  39  3:34  Probe  
  39  3:35  Probe  
  41  3:43  Warp Prism  
  41  3:49  Pylon, Probe  
  41  3:50  Probe  
  45  4:00  Pylon  
  45  4:01  Assimilator  
  45  4:02  Dark Shrine  
  45  4:08  Probe  
  45  4:09  Warp Prism  
  46  4:12  Assimilator  
  48  4:27  Zealot  
  48  4:28  Zealot x3  
  56  4:32  Pylon  
  56  4:50  Zealot x4  
  64  4:55  Pylon  
  64  5:17  Dark Templar x4  
  68  5:27  Pylon  
  68  5:30  Observer  
  69  5:42  Immortal  
  69  5:44  Forge, Probe x2  
  67  5:54  Archon x2  
  71  6:03  Probe x2  
  73  6:04  Pylon  
  73  6:07  Dark Templar x4  
  81  6:12  Immortal, Archon x2  
  81  6:20  Pylon  
  81  6:21  Protoss Ground Weapons Level 1  
  85  6:30  Pylon  
  85  6:36  Probe  
  86  6:40  Sentry x2  
  86  6:46  Immortal, Nexus  
  90  6:47  Pylon  
  90  6:56  Probe x2  
  90  6:58  Sentry  
  98  7:07  Pylon  
  99  7:08  Probe x2  
  99  7:09  Sentry x2  
  104  7:17  Immortal  
  104  7:20  Probe x2  
  106  7:23  Gateway  
  110  7:39  Gateway, Pylon  
  110  7:46  Gateway  
  110  7:49  Gateway, Probe x2  
  112  7:51  Immortal  
  112  8:00  Protoss Ground Weapons Level 2  
  112  8:02  Probe x3  
  119  8:10  Pylon  
  119  8:14  Probe x2  
  119  8:18  Probe  
  122  8:21  Immortal  
  122  8:26  Probe x2, Assimilator  
  124  8:30  Probe, Assimilator  
  129  8:35  Photon Cannon  
  129  8:38  Probe  
  129  8:40  Zealot  
  132  8:52  Pylon  
  132  9:03  Zealot x4  
  132  9:04  Zealot x2, Templar Archives  
  132  9:07  Immortal  
  132  9:09  Zealot x2  
  152  9:19  Pylon  
  152  9:37  Nexus  
  152  9:43  Probe  
  152  9:45  High Templar x7  
  157  9:46  High Templar  
  157  9:48  Immortal, Pylon  
  157  9:50  Archon x4  
  169  9:53  Photon Cannon  
  169  9:55  Pylon  
  171  10:17  Dark Templar x2  
  171  10:18  Dark Templar, Zealot x5  
  171  10:32  Immortal  
  142  10:43  Zealot x5  
  142  10:47  Probe x3  
  145  11:16  Zealot x6  
Show
View Real Time Build Order
Export as new Build Order

Stephano Zerg 

Build Orders: Hatch First, Swarm Host 

Get SALT Encoding   

  12  0:01  Drone  
  13  0:12  Overlord  
  13  0:18  Drone  
  14  0:31  Drone x2  
  16  0:49  Hatchery  
  15  0:52  Drone  
  15  0:56  Drone  
  17  0:59  Drone  
  18  1:10  Extractor  
  17  1:15  Spawning Pool  
  17  1:18  Drone  
  17  1:21  Drone  
  18  1:28  Drone  
  20  1:40  Drone  
  20  1:50  Drone  
  21  2:01  Queen x2  
  21  2:02  Overlord, Zergling x2  
  26  2:11  Drone x2  
  28  2:26  Hatchery  
  28  2:29  Drone x2  
  29  2:37  Queen  
  29  2:41  Overlord  
  31  2:45  Drone  
  31  2:47  Drone  
  33  2:52  Metabolic Boost  
  33  2:57  Overlord  
  33  3:01  Drone x2  
  35  3:06  Drone x2  
  35  3:09  Drone  
  35  3:10  Drone  
  40  3:12  Drone  
  40  3:15  Drone  
  41  3:20  Queen  
  41  3:25  Drone  
  41  3:26  Spore Crawler  
  43  3:32  Overlord  
  43  3:33  Zergling x2  
  44  3:36  Overlord  
  44  3:42  Roach Warren  
  44  3:44  Extractor  
  44  3:45  Extractor  
  44  3:48  Drone x2  
  43  3:49  Drone  
  43  3:51  Drone  
  43  3:52  Drone  
  46  3:58  Zergling x2  
  46  3:59  Zergling x2  
  46  4:00  Drone  
  49  4:05  Drone  
  49  4:07  Spore Crawler  
  49  4:17  Drone x3  
  52  4:25  Roach x4  
  52  4:26  Spore Crawler  
  52  4:28  Roach  
  63  4:31  Roach  
  63  4:35  Roach  
  67  4:38  Roach  
  67  4:41  Roach  
  69  4:52  Roach x2  
  72  4:53  Overlord x2  
  72  4:59  Evolution Chamber  
  71  5:00  Evolution Chamber  
  71  5:04  Roach  
  69  5:14  Roach  
  69  5:15  Roach x4  
  69  5:20  Roach  
  82  5:23  Roach x2  
  82  5:26  Roach  
  89  5:28  Drone  
  89  5:36  Overlord  
  89  5:37  Overlord  
  89  5:42  Overlord  
  89  5:44  Overlord  
  89  5:49  Lair  
  87  5:51  Overlord  
  87  6:06  Drone x2  
  87  6:08  Drone  
  87  6:10  Drone  
  91  6:12  Drone  
  91  6:14  Hatchery  
  91  6:17  Queen  
  93  6:21  Spore Crawler  
  92  6:28  Drone x4  
  92  6:30  Drone  
  97  6:37  Evolution Chamber, Drone x3  
  99  6:53  Drone x4  
  95  6:56  Drone x2  
  93  7:05  Glial Reconstitution, Drone  
  93  7:06  Zerg Missile Weapons Level 1  
  94  7:17  Ravager, Drone  
  94  7:19  Ravager x2  
  94  7:20  Ravager  
  94  7:21  Drone x3  
  102  7:23  Queen, Extractor  
  102  7:27  Roach x2, Extractor  
  106  7:33  Overlord x3  
  106  7:43  Overlord  
  106  7:49  Overlord x2  
  106  7:57  Roach x5  
  116  8:03  Roach x6, Extractor  
  127  8:12  Infestation Pit  
  126  8:24  Roach x9  
  143  8:32  Ravager x2, Overlord  
  143  8:33  Ravager x3  
  143  8:34  Roach x2  
  152  8:38  Overseer  
  152  8:41  Overseer, Nydus Network  
  151  8:43  Roach  
  151  8:44  Overlord  
  153  8:50  Overlord  
  153  8:52  Overseer  
  153  8:57  Roach x4  
  161  9:08  Roach x8, Overlord  
  177  9:30  Overlord x2  
  177  9:33  Drone  
  178  9:41  Overlord  
  178  9:50  Hatchery  
  177  9:53  Swarm Host x7  
  198  10:02  Overlord  
  198  10:07  Nydus Canal  
  198  10:10  Roach x6  
  190  10:15  Roach x2  
  186  10:27  Roach x6  
  184  10:30  Roach  
  159  10:36  Roach x3  
  159  10:41  Roach x2  
  152  10:46  Ravager x2  
  152  10:47  Ravager x3  
  152  10:49  Roach x3  
  151  10:51  Overseer  
  151  10:53  Roach  

Tags
 
Add a new tag
Caveats
  • Supply blocks, unpowered buildings, or Contaminate may cause inaccurate times.
  • Supply counts are checked every 10 seconds.